 Dungeon Crawl Stone Soup version 0.19.0-17-g07987d3 (webtiles) character file.

23487 kroki the Evangelist (level 13, -23/166 HPs)
             Began as a Hill Orc Gladiator on Nov 10, 2016.
             Was an Elder of Beogh.
             Killed from afar by a frost giant (28 damage)
             ... with a bolt of cold
             ... in an ice cave.
             The game lasted 00:19:09 (16136 turns).

kroki the Evangelist (Hill Orc Gladiator)          Turns: 16136, Time: 00:19:09

Health: -23/166    AC: 21    Str: 27    XL:     13   Next: 7%
Magic:  25/25      EV:  6    Int: 12    God:    Beogh [****..]
Gold:   908        SH:  9    Dex: 15    Spells: 0 memorised, 12 levels left

rFire  . . .     SeeInvis .     V - +0 broad axe
rCold  . . .     Gourm    .     z - +1 plate armour {rN+}
rNeg   + . .     Faith    .     t - +0 shield
rPois  .         Spirit   .     c - +1 helmet
rElec  .         Reflect  .     B - +0 cloak of the Rabble {Regen+ Str+3 Int+2 Stlth-}
rCorr  .         Harm     .     y - +0 pair of gloves
MR     .....                    r - +0 pair of boots
Stlth  ..........               M - amulet of rage {+Rage, !d}
                                I - ring of loudness {Stlth-}
                                k - +2 ring of intelligence

@: berserking (expiring), very quick
A: no striking features
a: Smiting, Recall Orcish Followers, Renounce Religion, Evoke Berserk Rage


You were in an ice cave.
You worshipped Beogh.
Beogh was greatly pleased with you.
You were hungry.

You visited 2 branches of the dungeon, and saw 13 of its levels.
You also visited: Bailey and Ice Cave.

You collected 963 gold pieces.
You spent 55 gold pieces at shops.

Inventory:

Hand Weapons
 T - a -3 battleaxe
   (You took it off an orc warrior on level 11 of the Dungeon)
 V - a +0 broad axe (weapon)
   (You found it in an ice cave)
Missiles
 d - 5 throwing nets {=f, !d}
Armour
 c - a +1 helmet (worn)
 j - a +0 plate armour
   (You took it off an orc warrior in a bailey)
 r - a +0 pair of boots (worn)
   (You found it on level 5 of the Dungeon)
 t - a +0 shield (worn)
   (You found it on level 1 of the Dungeon)
 y - a +0 pair of gloves (worn)
   (You found it on level 5 of the Dungeon)
 z - a +1 plate armour of positive energy (worn)
   (You found it in a bailey)
 B - the +0 cloak of the Rabble (worn) {Regen+ Str+3 Int+2 Stlth-}
   (You found it on level 4 of the Dungeon)

   It affects your strength (+3).
   It affects your intelligence (+2).
   It increases your rate of regeneration.
   It makes you less stealthy.
 D - a +0 chain mail
   (You took it off an orc on level 5 of the Dungeon)
Jewellery
 i - an uncursed ring of fire {rF+, rC-}
   (You found it on level 1 of the Dungeon)
 k - a +2 ring of intelligence (left hand)
   (You found it on level 8 of the Dungeon)
 I - a ring of loudness (right hand) {Stlth-}
   (You found it on level 7 of the Dungeon)
 M - an amulet of rage (around neck) {+Rage, !d}
   (You found it on level 8 of the Dungeon)
 N - a +2 amulet of reflection
   (You found it on level 2 of the Lair of Beasts)
Wands
 a - a wand of confusion (19/48)
   (You found it in an ice cave)
 e - a wand of paralysis (13/24)
   (You found it on level 7 of the Dungeon)
 n - a wand of disintegration (16/24)
   (You found it on level 8 of the Dungeon)
 u - a wand of flame (0/48)
   (You found it on level 4 of the Dungeon)
 E - a wand of acid (3/15)
   (You found it on level 8 of the Dungeon)
 L - a wand of random effects (15/48)
   (You found it on level 8 of the Dungeon)
Scrolls
 h - 4 scrolls of remove curse
 p - 3 scrolls of amnesia
 v - 3 scrolls of enchant armour
 x - 2 scrolls of fog
 A - 7 scrolls of enchant weapon
 J - 3 scrolls of identify
 O - a scroll of teleportation
Potions
 l - a potion of cancellation {unknown}
 m - 9 potions of curing {unknown}
 o - 2 potions of brilliance
 q - 3 potions of magic
 G - a potion of haste
 H - a potion of lignification {!q}
 K - 3 potions of heal wounds
 Q - 2 potions of flight
 R - 4 potions of invisibility {unknown}
 S - a potion of ambrosia {unknown}
Books
 P - a book of Conjurations
   (You found it on level 9 of the Dungeon)
Miscellaneous
 C - a sack of spiders
Comestibles
 b - 10 chunks of flesh {@w0}
 f - 8 bread rations {@e1}
 s - 7 meat rations {@e2}
 w - 2 slices of pizza
 F - 6 beef jerkies
 Y - 6 fruits


   Skills:
 + Level 9.6 Fighting
 + Level 15.2 Axes
 - Level 1.7 Throwing
 + Level 8.5 Armour
 - Level 2.4 Dodging
 - Level 1.6 Shields
 * Level 16.9 Invocations
 - Level 2.4 Evocations


You had 12 spell levels left.
You didn't know any spells.

Dungeon Overview and Level Annotations

Branches:
Dungeon (11/15)            Temple (0/1) D:6            Lair (2/6) D:9
  Snake (0/4) Lair:2
  Swamp: Lair:2-4    Shoals: Lair:2-4       Orc: D:9-12

Altars:
Ashenzari
Hepliaklqana
Kikubaaqudgha
Ru
Sif Muna
Uskayaw
Vehumet
Xom
Zin

Shops:
D:5 :   D:6 *


Message History

You kill the yak!
Beogh accepts your kill.
You are no longer berserk.
You are exhausted.
You feel yourself slow down.
You now have 61/111 hp.
Unknown command.
Eating one of 32 chunks of flesh {@w0}.
You start eating one of the 32 chunks of flesh {@w0}.
Your orc warrior no longer looks unusually strong.
Your orc warrior no longer looks unusually strong.
Some of the chunks of flesh in your inventory have rotted away.
You feel yourself speed up.
You feel less exhausted.
Some of the chunks of flesh in your inventory have rotted away.
Some of the chunks of flesh in your inventory have rotted away.
You butcher the wolf corpse.
b - 5 chunks of flesh {@w0} (gained 1)
You butcher the rime drake corpse.
b - 8 chunks of flesh {@w0} (gained 3)
You swap places.
You butcher the polar bear corpse.
b - 9 chunks of flesh {@w0} (gained 1)
You butcher the wolf corpse.
b - 10 chunks of flesh {@w0} (gained 1)
There is a fountain of sparkling water here. 2 yaks, 3 polar bears, a rime drake and a frost giant come into view.
The frost giant is wielding a battleaxe of freezing.
The polar bear growls angrily. x2; The yak bellows!
The rime drake hisses angrily.
The polar bear growls angrily.
You hear an angry growl.
You closely miss the polar bear.
There are monsters nearby!
You closely miss the polar bear. The polar bear bites you.
The polar bear claws you but does no damage.
You block the polar bear's attack.
The frost giant points at you and mumbles some strange words.
The bolt of cold hits you!
There are monsters nearby!
You are too injured to fight recklessly!
You regained 3 hp, and now have 64/111 hp.
There are monsters nearby!
You are too injured to fight recklessly!
Unknown command.
There are monsters nearby!
You are too injured to fight recklessly!
There are monsters nearby!
You are too injured to fight recklessly!
A red film seems to cover your vision as you go berserk!
You feel yourself moving faster!
You feel mighty!
You are feeling hungry.
The frost giant gestures at you while chanting.
The bolt of cold hits the polar bear.
The polar bear resists.
The bolt of cold hits you!
The rime drake bites you but does no damage.
A polar bear comes into view.
You now have 69/166 hp.
You closely miss the rime drake. You slash the polar bear!
The polar bear bites you. The polar bear claws you.
The polar bear closely misses you.
You take 8 damage, and have 61/166 hp.
You slash the rime drake! You slice the polar bear!!
The rime drake barely misses you.
The frost giant points at you and mumbles some strange words.
The bolt of cold hits the polar bear.
The polar bear resists.
The polar bear dies!
The bolt of cold misses you.
You slash the rime drake!
The rime drake bites you but does no damage.
You slash the rime drake! You slash the frost giant! You slash the rime drake!
You kill the rime drake!
Beogh accepts your kill.
Your orc warrior looks more experienced.
The frost giant hits you but does no damage.
Your shield prevents you from hitting the frost giant.
You slash the yak! You slash the frost giant! You slice the yak!!
The yak gores you.
The frost giant points at you and mumbles some strange words.
The bolt of cold hits you!
* * * LOW HITPOINT WARNING * * *
You take 50 damage, and have 14/166 hp.
MASSIVE DAMAGE!!
You slash the frost giant!
Your shield and plate armour prevent you from hitting the yak.
You hit the frost giant. You barely miss the yak.
The yak gores you but does no damage. The frost giant casts a spell at you.
The bolt of cold hits you!
* * * LOW HITPOINT WARNING * * *
You take 11 damage, and have 4/166 hp.
You slash the frost giant! You slash the yak!
You kill the yak!
Beogh accepts your kill.
Unknown command.
Your shield and plate armour prevent you from hitting the frost giant.
You hit the polar bear but do no damage.
The frost giant gestures at you while chanting.
The bolt of cold hits you!
You die...

#.o##### #.o#
##.#
#.###..####.##
##o.#
#.o###⌠.#
#..###o.##
##o##...#
##..#o..#
#..o#..#
#.....##
##..#o##
##....#
#####o##
##..## ##.##o#
#..# #C@#.##
#.##
#....hh#o##
##. :$#...h#.#
# #...####
##.# ##


You could see a frost giant, 3 polar bears and a friendly orc warrior.

Vanquished Creatures
  A hydra (Lair:2)
  The ghost of Zebulonius the Severer, a journeyman MiBe of Trog (Lair:1)
  A cyclops (D:11)
  An ice statue (IceCv)
  An ugly thing (D:11)
  2 spiny frogs
  3 rime drakes
  A komodo dragon (Lair:2)
  Prince Ribbit (D:5)
  A two-headed ogre (D:10)
  5 hippogriffs
  6 slime creatures (D:9)
  5 polar bears (IceCv)
  A wyvern (D:9)
  23 yaks
  A basilisk (Lair:2)
  A hungry ghost (D:11)
  A naga (Lair:2)
  7 water moccasins
  15 orc warriors
  2 sky beasts
  3 ice beasts
  8 wolves (IceCv)
  2 phantoms
  8 ogres
  7 centaurs
  3 crocodiles (Lair:1)
  5 bullfrogs
  2 scorpions
  A water moccasin skeleton (D:5)
  11 killer bees
  3 howler monkeys
  3 vampire bats (D:5)
  2 electric eels (D:11)
  7 crimson imps
  2 bullfrog zombies
  A centaur zombie (D:5)
  A quasit (D:8)
  5 hounds
  3 jellies
  3 orc priests
  2 centaur skeletons
  A bullfrog skeleton (D:6)
  5 iguanas
  6 orc wizards
  10 worker ants
  A hound skeleton (D:7)
  3 gnolls (D:8)
  10 adders
  2 river rats (D:9)
  2 shadow imps
  2 oozes
  3 adder zombies
  An adder skeleton (D:6)
  6 worms
  2 dart slugs (D:2)
  8 leopard geckos
  52 orcs
  2 ball pythons
  5 bat zombies (D:5)
  7 giant cockroaches
  5 goblins
  8 hobgoblins
  24 jackals
  3 quokkas
  13 bats
  3 frilled lizards
  5 kobolds
  20 rats
  4 fungi (D:9)
375 creatures vanquished.

Vanquished Creatures (collateral kills)
  Erica (D:9)
  A death yak (IceCv)
  A hill giant (D:10)
  An ugly thing (D:11)
  A komodo dragon (D:11)
  A rime drake (IceCv)
  A troll (D:11)
  4 polar bears (IceCv)
  9 yaks (IceCv)
  A water moccasin (D:11)
  2 orc warriors
  A black bear (D:9)
  A phantom (D:11)
  5 wolves (IceCv)
  A centaur (D:11)
  3 bullfrogs (D:11)
  2 scorpions
  2 killer bees (D:10)
  2 electric eels (D:11)
  A bullfrog zombie (D:11)
  A worker ant zombie (D:11)
  An orc (D:10)
  A plant (D:11)
44 creatures vanquished.

Vanquished Creatures (others)
  A polar bear (IceCv)
  2 orc warriors
  An orc priest (D:11)
  6 orcs
  A ball python skeleton (D:3)
  A fungus (D:9)
12 creatures vanquished.

Grand Total: 431 creatures vanquished

Notes
Turn   | Place    | Note
-------+----------+-------------------------------------------
     0 | D:1      | kroki the Hill Orc Gladiator began the quest for the Orb.
     0 | D:1      | Reached XP level 1. HP: 18/18 MP: 1/1
   340 | D:1      | Reached XP level 2. HP: 21/25 MP: 2/2
   618 | D:1      | Reached skill level 5 in Axes
  1017 | D:2      | Reached XP level 3. HP: 27/30 MP: 3/3
  1273 | D:2      | Reached skill level 6 in Axes
  1462 | D:2      | Reached XP level 4. HP: 37/37 MP: 4/4
  1795 | D:3      | Reached skill level 7 in Axes
  1839 | D:3      | Found a sacrificial altar of Ru.
  1914 | D:3      | Reached XP level 5. HP: 34/42 MP: 5/5
  2001 | D:3      | Found a shimmering altar of Xom.
  2003 | D:3      | Found a shimmering altar of Xom.
  2140 | D:3      | Reached skill level 8 in Axes
  2736 | D:3      | Became a worshipper of Beogh the Brigand
  2870 | D:3      | Found a shimmering altar of Xom.
  3165 | D:4      | Reached skill level 1 in Invocations
  3165 | D:4      | Reached XP level 6. HP: 42/50 MP: 6/6
  3244 | D:4      | Got a brightly glowing cloak
  3409 | D:4      | Found a hazy altar of Hepliaklqana.
  3659 | D:4      | Found a shattered altar of Ashenzari.
  3718 | D:4      | Reached skill level 2 in Invocations
  3999 | D:5      | Entered Level 5 of the Dungeon
  4168 | D:5      | Reached skill level 9 in Axes
  4225 | D:5      | Reached skill level 3 in Invocations
  4343 | D:5      | Reached XP level 7. HP: 50/56 MP: 9/9
  4417 | D:5      | Reached skill level 4 in Invocations
  4515 | D:5      | Found a hide-covered altar of Uskayaw.
  4519 | D:5      | Found a glowing silver altar of Zin.
  4523 | D:5      | Found a deep blue altar of Sif Muna.
  4568 | D:5      | HP: 13/56 [something (2)]
  4577 | D:5      | HP: 10/56 [something/magic dart (5)]
  4578 | D:5      | Reached * piety under Beogh
  4933 | D:5      | Reached skill level 5 in Invocations
  4975 | D:5      | Noticed a hippogriff
  4989 | D:5      | Killed a hippogriff
  4989 | D:5      | Reached skill level 10 in Axes
  4989 | D:5      | Reached XP level 8. HP: 32/62 MP: 10/12
  4990 | D:5      | Found Dextass's Book Shop.
  5002 | D:5      | Noticed Prince Ribbit
  5009 | D:5      | Reached skill level 6 in Invocations
  5018 | D:5      | Killed Prince Ribbit
  5018 | D:5      | Reached skill level 11 in Axes
  5018 | D:5      | Reached skill level 7 in Invocations
  5566 | D:5      | Identified the +0 cloak of the Rabble {Regen+ Str+3 Int+2 Stlth-} (You found it on level 4 of the Dungeon)
  5718 | D:5      | Found an ancient bone altar of Kikubaaqudgha.
  5925 | D:6      | Reached skill level 8 in Invocations
  5975 | D:6      | Found a staircase to the Ecumenical Temple.
  6100 | D:6      | Found a shattered altar of Ashenzari.
  6361 | D:6      | Reached XP level 9. HP: 68/68 MP: 15/15
  6395 | D:6      | Found a radiant altar of Vehumet.
  6585 | D:6      | Found Pirghouky's General Store.
  6589 | D:6      | Bought a potion of heal wounds for 55 gold pieces
  6662 | D:6      | Reached skill level 12 in Axes
  7052 | D:6      | HP: 2/68 [orc warrior/scimitar (17)]
  7055 | D:6      | Reached skill level 9 in Invocations
  7060 | D:6      | HP: 9/68 [orc warrior/scimitar (13)]
  7074 | D:6      | HP: 7/68 [orc warrior/scimitar (15)]
  7091 | D:6      | HP: 13/68 [crimson imp (1)]
  7099 | D:6      | HP: 14/68 [crimson imp (2)]
  7312 | D:7      | You fall through a shaft!
  7357 | D:8      | Reached ** piety under Beogh
  7364 | D:8      | Reached skill level 3 in Fighting
  7364 | D:8      | Reached skill level 1 in Armour
  7421 | D:7      | Found a flagged portal.
  7429 | Bailey   | Entered a bailey
  7762 | Bailey   | Reached skill level 2 in Armour
  7766 | Bailey   | HP: 8/71 [orc warrior/halberd (13)]
  7767 | Bailey   | Reached skill level 10 in Invocations
  7918 | Bailey   | Reached skill level 4 in Fighting
  8239 | Bailey   | HP: 13/72 [orc warrior/halberd (12)]
  8240 | Bailey   | HP: 5/72 [orc/halberd (5)]
  8280 | Bailey   | Reached skill level 3 in Armour
  8479 | Bailey   | Reached XP level 10. HP: 46/80 MP: 18/18
  8486 | Bailey   | Reached skill level 13 in Axes
  8500 | Bailey   | Reached skill level 11 in Invocations
  8568 | Bailey   | Reached skill level 5 in Fighting
  9756 | D:8      | Reached skill level 4 in Armour
 10408 | D:9      | Reached *** piety under Beogh
 10475 | D:9      | Found a staircase to the Lair.
 10481 | D:9      | Reached skill level 12 in Invocations
 10766 | D:9      | Reached skill level 6 in Fighting
 10804 | D:9      | Reached skill level 5 in Armour
 10912 | D:9      | Reached XP level 11. HP: 87/91 MP: 20/20
 11040 | D:9      | Reached skill level 1 in Evocations
 11061 | D:9      | Reached **** piety under Beogh
 11107 | D:9      | Noticed Erica
 11134 | D:9      | Killed Erica
 11134 | D:9      | Reached skill level 13 in Invocations
 11463 | D:9      | Reached skill level 7 in Fighting
 11475 | D:9      | Reached skill level 2 in Evocations
 11596 | D:10     | Entered Level 10 of the Dungeon
 11820 | D:10     | Noticed a hill giant
 11828 | D:10     | Killed a hill giant
 11828 | D:10     | Reached skill level 14 in Axes
 11828 | D:10     | Reached skill level 6 in Armour
 12144 | D:10     | Gained Geork as an ally
 12633 | D:11     | Noticed a purple ugly thing
 12647 | D:11     | Killed a purple ugly thing
 12647 | D:11     | Reached skill level 14 in Invocations
 12670 | D:11     | HP: 18/92 [orc warrior/hand axe (10)]
 13240 | D:11     | Noticed a cyclops
 13248 | D:11     | HP: 21/92 [cyclops (23)]
 13249 | D:11     | Killed a cyclops
 13286 | D:11     | Noticed a white ugly thing
 13295 | D:11     | Killed a white ugly thing
 13335 | D:11     | Reached skill level 15 in Invocations
 13630 | Lair:1   | Entered Level 1 of the Lair of Beasts
 13638 | Lair:1   | Noticed Zebulonius's ghost (journeyman MiBe)
 13648 | D:9      | HP: 23/92 [poisoned by a spiny frog]
 13653 | D:9      | HP: 18/92 [poisoned by a spiny frog]
 13658 | D:9      | HP: 14/92 [poisoned by a spiny frog]
 13663 | D:9      | HP: 12/92 [poisoned by a spiny frog]
 13669 | D:9      | HP: 12/92 [poisoned by a spiny frog]
 13676 | D:9      | HP: 13/92 [poisoned by a spiny frog]
 13683 | D:9      | HP: 16/92 [poisoned by a spiny frog]
 13691 | D:9      | HP: 19/92 [poisoned by a spiny frog]
 13813 | Lair:1   | Killed Zebulonius's ghost
 13813 | Lair:1   | Reached XP level 12. HP: 84/101 MP: 19/23
 14032 | Lair:1   | HP: 25/101 [poisoned by a spiny frog]
 14037 | Lair:1   | HP: 24/101 [poisoned by a spiny frog]
 14042 | Lair:1   | HP: 25/101 [poisoned by a spiny frog]
 14395 | Lair:1   | Reached skill level 1 in Shields
 14421 | Lair:1   | Reached skill level 8 in Fighting
 14773 | Lair:2   | Reached skill level 7 in Armour
 15138 | Lair:2   | Noticed a seven-headed hydra
 15139 | Lair:2   | Found a staircase to the Snake Pit.
 15142 | Lair:2   | Killed a seven-headed hydra
 15337 | Lair:2   | Found a frozen archway.
 15353 | IceCv    | Entered an ice cave
 15425 | IceCv    | Reached skill level 16 in Invocations
 15558 | IceCv    | Reached skill level 9 in Fighting
 15661 | IceCv    | Noticed a death yak
 15677 | IceCv    | Killed a death yak
 15832 | IceCv    | Reached skill level 8 in Armour
 15937 | IceCv    | Reached skill level 15 in Axes
 16022 | IceCv    | Reached XP level 13. HP: 91/111 MP: 25/25
 16122 | IceCv    | Noticed a frost giant
 16132 | IceCv    | HP: 14/166 [frost giant/bolt of cold (45)]
 16134 | IceCv    | HP: 4/166 [frost giant/bolt of cold (11)]
 16136 | IceCv    | Killed from afar by a frost giant

Skill      XL: |  1  2  3  4  5  6  7  8  9 10 11 12 |
---------------+-------------------------------------+-----
Axes           | 5 6 7 8 9 10 11 12 13 14 15 | 15.2
Invocations    | 1 3 5 8 10 12 15 16 | 16.9
Fighting       | 4 6 7 9 |  9.6
Armour         | 3 5 6 8 |  8.5
Evocations     | 2 |  2.4
Shields        | 1 |  1.6
Throwing       | |  1.7
Dodging        | |  2.4

Action                   |  1- 3 |  4- 6 |  7- 9 | 10-12 | 13-15 || total
-------------------------+-------+-------+-------+-------+-------++-------
Melee: War axe           |    79 |   219 |   391 |   692 |       ||  1381
       Broad axe         |       |       |       |    79 |    19 ||    98
Invok: Convert to Beogh  |       |     1 |       |       |       ||     1
       Smiting           |       |       |     3 |    21 |       ||    24
       Recall Orcish Fol |       |       |       |     1 |       ||     1
 Abil: Evoke Berserk Rag |       |       |       |     5 |     1 ||     6
Evoke: Wand              |       |       |    10 |     1 |       ||    11
  Use: Scroll            |     6 |     4 |     6 |     9 |       ||    25
       Potion            |       |       |    10 |     1 |       ||    11
 Stab: Paralysed         |       |       |     1 |       |       ||     1
       Distracted        |       |       |       |     4 |       ||     4
  Eat: Chunk             |     2 |     9 |     9 |    17 |     1 ||    38
       Bread ration      |       |       |     1 |     2 |       ||     3
       Beef jerky        |       |       |     1 |     1 |       ||     2
       Fruit             |       |       |       |     1 |       ||     1
Armor: Ring mail         |    12 |       |       |       |       ||    12
       Scale mail        |    14 |   106 |    55 |       |       ||   175
       Chain mail        |       |       |   120 |       |       ||   120
       Plate armour      |       |       |    64 |   488 |     9 ||   561
Dodge: Dodged            |    31 |    54 |   105 |   118 |     3 ||   311
Block: Shield            |    14 |    74 |   187 |   287 |     4 ||   566

Vault maps used:
D:1:      dpeg_arrival_more_subterranean_lakeside_camping
D:2:      kennysheep_generic_room_5
D:3:      nicolae_overflow_crystal_walls, first_bread, xom_redecorated
D:4:      ashenzari_conservatory_becter, lemuel_round_altar
D:5:      kennysheep_vampire_church, grunt_temple_overflow_diamond,
          serial_shops, shop, minmay_misc_feat_rows, uniq_prince_ribbit1
D:6:      marbit_many_paths, serial_shops, kennysheep_mini_moat,
          minmay_ruined_shrine
D:7:      enter_bailey_2, grunt_ogre_cave
D:8:      mrwooster_statue_mirror
D:9:      grunt_lair_entry_orc_guard_hut, uniq_erica
D:11:     serial_bayou_lake_a
Lair:2:   guppyfry_snake_entry_garden, portal_ice_cave_rime
Bailey:   bailey_polearm_flooded_kennysheep, bailey
IceCv:    ice_cave_caverns_01

Table legend:
 A = Turns spent in this place as a percentage of turns spent in the entire game.
 B = Non-inter-level travel turns spent in this place as a percentage of non-inter-level travel turns spent in the entire game.
 C = Inter-level travel turns spent in this place as a percentage of turns spent in this place.
 D = Turns resting spent in this place as a percentage of non-inter-level travel turns spent in this place.
 E = Turns spent auto-exploring this place as a percentage of non-inter-level travel turns spent in this place.
 F = Non-inter-level travel turns spent in this place divided by the number of levels of this place that you've seen.
                   A       B       C       D       E      F
               +-------+-------+-------+-------+-------+----------------------
         Total | 100.0 | 100.0 |   0.2 |   0.1 |  10.2 | 489.3
       Dungeon |  72.9 |  72.8 |   0.3 |   0.0 |  12.5 | 485.7
          Lair |  10.4 |  10.4 |   0.1 |   0.5 |   6.3 | 382.0
        Bailey |  11.5 |  11.5 |   0.0 |   0.7 |   3.1 | 845.0
      Ice Cave |   5.3 |   5.3 |   0.0 |   0.0 |   3.1 | 387.0
               +-------+-------+-------+-------+-------+----------------------

Table legend:
 A = Kills in this place as a percentage of kills in entire the game.
 B = Kills by you in this place as a percentage of kills by you in the entire game.
 C = Kills by friends in this place as a percentage of kills by friends in the entire game.
 D = Other kills in this place as a percentage of other kills in the entire game.
 E = Experience gained in this place as a percentage of experience gained in the entire game.
 F = Experience gained in this place divided by the number of levels of this place that you have seen.
                   A       B       C       D       E      F
               +-------+-------+-------+-------+-------+----------------------
         Total | 100.0 | 100.0 | 100.0 | 100.0 | 100.0 | 2236.9
       Dungeon |  73.0 |  75.5 |  53.5 |   0.0 |  47.3 | 1443.3
          Lair |   6.5 |   7.3 |   0.0 |   0.0 |  20.4 | 3429.0
        Bailey |   8.7 |   9.7 |   0.0 |   0.0 |   5.8 | 1931.0
      Ice Cave |  11.8 |   7.5 |  46.5 | 100.0 |  26.5 | 8888.0
               +-------+-------+-------+-------+-------+----------------------
